 Dungeon Crawl Stone Soup version 0.29.1-2-gbd0b4ee654 (webtiles) character file.

Game seed: 11320495436230142082

243 MisterFreud the Twirler (level 6, -10/47 HPs)
             Began as a Formicid Gladiator on Oct 23, 2022.
             Blown up by Pikel (21 damage)
             ... with a mindburst bolt
             ... on level 4 of the Dungeon.
             The game lasted 00:03:55 (3424 turns).

MisterFreud the Twirler (Formicid Gladiator)        Turns: 3424, Time: 00:03:56

Health: -10/47     AC:  7    Str: 20    XL:     6   Next: 31%
Magic:  6/6        EV: 10    Int:  8    God:
Gold:   194        SH:  0    Dex: 15    Spells: 5/5 levels left

rFire   . . .      SeeInvis +   a - +1 quarterstaff
rCold   . . .      Faith    .   (no shield)
rNeg    . . .      Spirit   .   f - +1 scale mail
rPois   .          Reflect  .   (helmet unavailable)
rElec   .          Harm     .   (no cloak)
rCorr   .          Rampage  .   (no gloves)
Will    .....                   (no boots)
Stlth   ..........              (no amulet)
HPRegen 0.15/turn               (no ring)
MPRegen 0.10/turn               (no ring)

@: no status effects
A: permanent stasis, dig shafts and tunnels, antennae 3, four strong arms
a: Dig, Shaft Self


You were on level 4 of the Dungeon.
You visited 1 branch of the dungeon, and saw 4 of its levels.

You collected 194 gold pieces.

Inventory:

Hand Weapons
 a - a +1 quarterstaff (weapon)
Missiles
 c - 3 throwing nets (quivered)
 d - a javelin
 m - 6 boomerangs of dispersal
Armour
 b - a +0 leather armour
 f - a +1 scale mail (worn)
Wands
 n - a wand of iceblast (6)
Scrolls
 i - a scroll of fear
 j - a scroll of butterflies
Potions
 e - a potion of lignification {unknown}
 g - 3 potions of curing
 h - a potion of cancellation
 o - a potion of mutation


   Skills:
 + Level 3.0 Fighting
 - Level 6.0 Staves
 - Level 2.0 Throwing
 + Level 1.8 Armour
 - Level 2.6 Dodging


You had 5 spell levels left.
You didn't know any spells.
Your spell library contained the following spells:

 Spells                   Type           Power      Damage    Failure   Level
 Call Canine Familiar     Summ           0%         N/A       98%         3
 Gell's Gravitas          Tloc           0%         N/A       98%         3
 Lesser Beckoning         Tloc           0%         N/A       98%         3
 Portal Projectile        Hex/Tloc       0%         N/A       98%         3
 Teleport Other           Tloc           0%         N/A       98%         3
 Leda's Liquefaction      Hex/Erth       0%         N/A       100%        4
 Blade Hands              Tmut           0%         N/A       100%        5
 Irradiate                Conj/Tmut      0%         3d11      100%        5
 Manifold Assault         Tloc           0%         N/A       100%        5
 Dragon Form              Tmut           0%         N/A       100%        7
 Blink                    Tloc           Unusable   N/A       N/A         2

Dungeon Overview and Level Annotations

Branches:
Dungeon (4/15)
 Temple: D:4-7

Altars:
Fedhas
Qazlal

Annotations:
D:4 Pikel


Innate Abilities, Weirdness & Mutations

You cannot be hasted, slowed, berserked, paralysed or teleported.
You can dig through walls and to a lower floor.
You have a pair of large antennae on your head. (SInv)
Your four strong arms can wield two-handed weapons with a shield.


Message History

There is an open door here.
There is a stone staircase leading down here.
You climb downwards.
Pikel shouts!
The lemure shouts! x2; You hear a shout!
There is a stone staircase leading up here.
You sock the lemure!
The lemure is moderately wounded.
You hear a shout!
The lemure hits you.
You hit the lemure but do no damage.
The lemure is moderately wounded.
The lemure hits you but does no damage.
You closely miss the lemure.
The lemure is moderately wounded.
The lemure closely misses you.
You sock the lemure!
The lemure is almost dead.
The lemure barely misses you.
Pikel says, "Don't tell anyone, but I think Ereshkigal likes me."
You sock the lemure!
You kill the lemure!
That felt strangely unrewarding.
You hit Pikel.
Pikel is lightly wounded.
Pikel hits you with a +1 whip of electrocution!
You are electrocuted!!
* * * LOW HITPOINT WARNING * * *
You sock Pikel!
Pikel is moderately wounded.
Pikel closely misses you.
You sock Pikel!
Pikel is heavily wounded.
Pikel hits you but does no damage.
A lemure comes into view.
You hit Pikel but do no damage.
Pikel is heavily wounded.
Pikel hits you with a +1 whip of electrocution.
* * * LOW HITPOINT WARNING * * *
Pikel zaps a wand.
Your mind is blasted!
You die...

{
###
#@#
#K#
{ {
55#
{
####


You could see Pikel and 2 lemures.

Vanquished Creatures
  A lemure (D:4)
  A necrophage (D:2)
  Ijyb (D:3)
  7 adders
  A gnoll (D:1)
  2 worms (D:2)
  4 dart slugs
  An orc (D:3)
  7 endoplasms
  2 giant cockroaches
  12 goblins
  6 hobgoblins
  3 jackals (D:3)
  2 quokkas
  5 ball pythons
  7 bats
  3 frilled lizards
  5 kobolds
  5 rats
75 creatures vanquished.

Notes
Turn   | Place    | Note
-------+----------+-------------------------------------------
     0 | D:1      | MisterFreud the Formicid Gladiator began the quest for the
                  | Orb.
     0 | D:1      | Reached XP level 1. HP: 16/16 MP: 1/1
    59 | D:1      | Reached XP level 2. HP: 19/22 MP: 2/2
   408 | D:1      | Found a faded altar of an unknown god.
   485 | D:1      | Reached skill level 4 in Staves
   485 | D:1      | Reached XP level 3. HP: 21/27 MP: 3/3
  1243 | D:2      | Reached XP level 4. HP: 33/33 MP: 4/4
  1534 | D:2      | Reached skill level 5 in Staves
  1763 | D:2      | Noticed a necrophage
  1773 | D:2      | Killed a necrophage
  1774 | D:2      | Reached XP level 5. HP: 21/38 MP: 5/5
  2353 | D:1      | Reached skill level 6 in Staves
  2448 | D:3      | Found a blossoming altar of Fedhas.
  2448 | D:3      | Found a stormy altar of Qazlal.
  2631 | D:3      | Reached XP level 6. HP: 46/46 MP: 6/6
  2690 | D:3      | Reached skill level 1 in Armour
  3132 | D:3      | Noticed Ijyb
  3152 | D:3      | Killed Ijyb
  3414 | D:4      | Noticed Pikel
  3424 | D:4      | Blown up by Pikel

Illustrated notes

Levels and vault maps discovered:
D:1:      minmay_arrival_jagged, layout_rooms, basic_ecumenical_altar
D:2:      minmay_spotlight, layout_basic
D:3:      kennysheep_goblin_castle, layout_basic,
          grunt_temple_overflow_forces_of_nature
D:4:      layout_basic, kennysheep_little_box,
          mainiacjoe_overflow_six_doors_small, uniq_blork_the_orc,
          uniq_eustachio, uniq_pikel

Skill      XL: |  1  2  3  4  5  6 |
---------------+-------------------+-----
Staves         | 4 5 6 |  6.0
Armour         | 1 |  1.8
Fighting       | 3 |  3.0
Throwing       | |  2.0
Dodging        | |  2.6

Action                   |  1- 3 |  4- 6 || total
-------------------------+-------+-------++-------
Melee: Quarterstaff      |    87 |   135 ||   222
  Use: Scroll            |     7 |     8 ||    15
 Stab: Sleeping          |     1 |       ||     1
Armor: Leather armour    |    28 |       ||    28
       Scale mail        |       |    69 ||    69
Dodge: Dodged            |    99 |    77 ||   176
